 Dungeon Crawl Stone Soup version 0.13.0-19-g8e0b589 (webtiles) character file.

282 Deemzul the Magician (level 5, -15/29 HPs)
             Began as an Octopode Wizard on Oct 24, 2013.
             Demolished by a gnoll
             ... wielding a +0,+1 halberd of venom
              (16 damage)
             ... on Level 3 of the Dungeon.
             The game lasted 00:05:32 (2331 turns).

Deemzul the Magician (Octopode Wizard)              Turns: 2331, Time: 00:05:33

HP -15/29        AC  2     Str 11      XL: 5   Next: 50%
MP   2/14        EV 12     Int 23      God:
Gold 113         SH  0     Dex 11      Spells:  4 memorised,  3 levels left

Res.Fire  : . . .   See Invis. : .   r - +0,-2 hand axe
Res.Cold  : . . .   Warding    : .   (no shield)
Life Prot.: . . .   Conserve   : .   b - +1 wizard hat
Res.Poison: .       Res.Corr.  : .   f - amulet of stasis
Res.Elec. : .       Clarity    : .   l - +2 ring of intelligence
Sust.Abil.: . .     Spirit.Shd : .   (no ring)
Res.Mut.  : .       Stasis     : +   (no ring)
Res.Rott. : .       Flight     : .   (no ring)
Saprovore : . . .                    (no ring)
                                     (no ring)
                                     (no ring)
                                     (no ring)

@: confused, mighty, mildly poisoned, very slightly contaminated, slightly
resistant to hostile enchantments, fairly stealthy
A: almost no armour, amphibious, 8 rings, constrict 8, camouflage 1, AC +1
a: no special abilities


You were on level 3 of the Dungeon.
You were very hungry.

You visited 1 branch of the dungeon, and saw 3 of its levels.

You collected 93 gold pieces.

Inventory:

Hand weapons
 h - a +0,+0 short sword
 o - a +2,+2 dagger of freezing (quivered)
 r - a +0,-2 hand axe (weapon)
 v - a +0,+2 scythe of protection
Missiles
 g - 16 poisoned needles
Armour
 b - a +1 wizard hat (worn)
Magical devices
 x - a wand of fireball (4) {unknown}
Comestibles
 a - 2 meat rations
 d - 2 bread rations
 i - a choko
 p - a pear
Scrolls
 e - 3 scrolls of remove curse {unknown}
 j - 4 scrolls of identify
 s - a scroll of curse armour {unknown}
 u - a scroll of teleportation {unknown}
 w - a scroll of fog
Jewellery
 f - an amulet of stasis (around mantle)
 l - a +2 ring of intelligence (left tentacle)
Potions
 m - a potion of might
 n - a potion of heal wounds {unknown}
 q - a potion of curing {unknown}
 t - a potion of paralysis {unknown}
Books
 c - a book of Minor Magic

   Spells                             Type                      Level
   *Magic Dart                        Conjuration                  1
   Blink                              Translocation                2
   *Call Imp                          Summoning                    2
   Repel Missiles                     Charms/Air                   2
   Slow                               Hexes                        2
   *Conjure Flame                     Conjuration/Fire             3
   *Mephitic Cloud                    Conjuration/Poison/Air       3


   Skills:
 - Level 2.0 Dodging
 - Level 2.6 Stealth
 * Level 4.3 Spellcasting
 + Level 2.7 Conjurations
 - Level 1.0 Summonings
   Level 1.0 Translocations
 + Level 1.2 Fire Magic
 + Level 0.8 Air Magic
 * Level 1.7 Poison Magic


You had 3 spell levels left.
You knew the following spells:

 Your Spells              Type           Power        Failure   Level  Hunger
a - Magic Dart            Conj           ###.         3%          1    None
b - Call Imp              Summ           #.........   12%         2    None
c - Conjure Flame         Conj/Fire      ##......     14%         3    ##.....
d - Mephitic Cloud        Conj/Pois/Air  ##......     17%         3    ##.....


Dungeon Overview and Level Annotations

Branches:
Dungeon (3/27)

Altars:


Innate Abilities, Weirdness & Mutations

You cannot wear most types of armour.
You are amphibious.
You can wear up to eight rings at the same time.
You can use your tentacles to constrict many enemies at once.
Your skin changes colour to match your surroundings (Stlth).
Your rubbery body absorbs attacks (AC +1).


Message History

You choke on the stench!
You are more confused.
* * * LOW HITPOINT WARNING * * *
You feel sick.
The gnoll hits you from afar with a spear.
* * * LOW HITPOINT WARNING * * *
The gnoll is engulfed in noxious fumes.
The gnoll appears confused.
The gnoll barely misses you.
Drink which item? (? for menu, Esc to quit)
That liquid tasted very nasty...
You are more poisoned.
It was a potion of poison.
You are engulfed in noxious fumes.
You choke on the stench!
You are more confused.
* * * LOW HITPOINT WARNING * * *
You feel sick.
You feel a little better. The gnoll closely misses you.
The gnoll hits you from afar with a halberd of venom!
Ouch! That really hurt!
You die...

... .......#
........#
.........##
......./...
#........ ##.......
....##...########.#
..........@........
...##.....#§g......
. #.....#gg..... ...
#.....#.......
....##.....##......
......#.....# .....
........#.####.... .
#.##..#.#.......#
#..#..#.......####.#


You could see 3 gnolls.

Vanquished Creatures
  Sigmund (D:3)
  Jessica (D:2)
  2 adders
  A giant mite (D:3)
  A worm (D:3)
  2 giant geckos (D:1)
  An ooze (D:1)
  3 orcs (D:3)
  2 ball pythons (D:1)
  6 bats
  2 hobgoblins (D:1)
  2 jackals (D:2)
  2 quokkas
  4 giant cockroaches (D:1)
  4 giant newts
  2 goblins
  4 kobolds
  3 rats
43 creatures vanquished.

Vanquished Creatures (collateral kills)
  2 jackals (D:2)
2 creatures vanquished.

Grand Total: 45 creatures vanquished

Notes
Turn   | Place    | Note
--------------------------------------------------------------
     0 | D:1      | Deemzul, the Octopode Wizard, began the quest for the Orb.
     0 | D:1      | Reached XP level 1. HP: 9/9 MP: 5/5
   172 | D:1      | Reached XP level 2. HP: 1/15 MP: 0/7
   765 | D:1      | Reached XP level 3. HP: 16/19 MP: 6/9
   961 | D:2      | Learned a level 2 spell: Call Imp
   965 | D:2      | Learned a level 3 spell: Conjure Flame
  1313 | D:2      | Learned a level 3 spell: Mephitic Cloud
  1434 | D:2      | Noticed Jessica
  1442 | D:2      | Killed Jessica
  1442 | D:2      | Reached skill level 4 in Spellcasting
  1442 | D:2      | Reached XP level 4. HP: 22/25 MP: 3/12
  2155 | D:3      | Noticed Sigmund
  2189 | D:3      | Killed Sigmund
  2189 | D:3      | Reached skill level 1 in Fire Magic
  2189 | D:3      | Reached skill level 1 in Poison Magic
  2189 | D:3      | Reached XP level 5. HP: 24/29 MP: 4/14
  2331 | D:3      | HP: 1/29 [poison (a potion of poison)]
  2331 | D:3      | Demolished by a gnoll

Action                   |  1- 3 |  4- 6 || total
-------------------------+-------+-------++-------
Melee: Unarmed           |    25 |       ||    25
       Short sword       |    16 |       ||    16
       Hand axe          |     3 |    49 ||    52
 Cast: Magic Dart        |    57 |    28 ||    85
       Call Imp          |     2 |       ||     2
       Mephitic Cloud    |       |     4 ||     4
  Use: Potion            |     1 |     3 ||     4
       Scroll            |     3 |     4 ||     7
 Stab: Sleeping          |     4 |     3 ||     7
       Confused          |       |     1 ||     1
